AoeStats
← ML16798

MegaRandom

510660466Analyzed
3v3 RM · 19h ago on Oct 2, 2026· 54m 52s· 6 players
Game mode
Random Map
Map size
Normal (6 player)
Population
200
Speed
Normal
Resources
Standard
Victory
Conquest
Starting age
Dark Age
Ending age
Imperial Age
RankedLock teamsTeams togetherTeam positionsShared explorationLock speedFull tech treeHidden civsTurbo modeCheats
Victory
Defeat
🇨🇱 Saracens · Chile
1073
+14
🇨🇱 Cumans · Chile
994
+17
🇨🇱 Franks · Chile
970
+18
🇺🇸 Georgians · United States
1073
-18
🇦🇷 Malay · Argentina
1016
-16
🇳🇱 Celts · Netherlands
996
-15
wan !
12:34 Feudal Age
14:21 Loom
18:17 Castle Age
17:09 Double-Bit Axe
18:30 Horse Collar
19:39 Stone Mining
20:08 Crossbowman
20:48 Gold Mining
24:02 Wheelbarrow
24:16 Fletching
24:59 Bodkin Arrow
26:33 Hand Cart
27:51 Thumb Ring
27:48 Padded Archer Armor
30:34 Bow Saw
30:43 Leather Archer Armor
31:28 Town Watch
31:59 Forging
31:49 Scale Mail Armor
35:47 Iron Casting
36:06 Ballistics
36:08 Scale Barding Armor
42:35 Imperial Age
41:34 Bloodlines
41:25 Husbandry
42:40 Elite Mameluke
43:47 Conscription
45:55 Gold Shaft Mining
47:17 Two-Man Saw
46:34 Bimaristan
47:52 Arbalester
49:40 Chemistry
49:33 Gold Shaft Mining
49:20 Masonry
54:43 Siege Engineers
55:55 Blast Furnace
55:16 Chain Barding Armor
54:56 Bracer
55:27 Ring Archer Armor
J4MAL MURR4Y
13:25 Feudal Age
13:42 Man-at-Arms
14:10 Loom
17:32 Double-Bit Axe
21:31 Fletching
22:04 Forging
22:53 Wheelbarrow
23:00 Wheelbarrow
31:10 Castle Age
29:26 Gold Mining
30:58 Horse Collar
32:22 Hand Cart
31:58 Long Swordsman
32:25 Arson
33:21 Iron Casting
32:49 Bodkin Arrow
32:19 Crossbowman
34:10 Town Watch
34:42 Heavy Plow
35:55 Bow Saw
35:49 Capped Ram
36:17 Pikeman
43:12 Padded Archer Armor
43:15 Scale Mail Armor
43:50 Iron Casting
43:37 Ballistics
45:56 Imperial Age
45:20 Gold Shaft Mining
46:12 Stone Mining
47:00 Conscription
48:05 Chemistry
47:38 Leather Archer Armor
48:54 Crop Rotation
51:46 Two-Man Saw
51:34 Ring Archer Armor
52:43 Elite Kipchak
cplenz
4:37 Loom
11:17 Feudal Age
22:21 Arson
23:02 Forging
24:41 Scale Barding Armor
28:14 Castle Age
26:54 Wheelbarrow
27:29 Scale Mail Armor
27:21 Double-Bit Axe
27:49 Stone Mining
28:32 Pikeman
29:16 Squires
32:54 Chain Mail Armor
33:15 Iron Casting
32:48 Fletching
36:50 Imperial Age
37:32 Cavalier
38:58 Bodkin Arrow
40:10 Capped Ram
42:32 Bow Saw
42:04 Elite Skirmisher
43:26 Gold Mining
44:32 Chain Barding Armor
45:55 Chemistry
45:16 Ballistics
44:53 Murder Holes
46:07 Padded Archer Armor
49:01 Leather Archer Armor
50:16 Plate Barding Armor
53:25 Gold Shaft Mining
53:38 Paladin
FreshUCakes
8:49 Loom
11:26 Feudal Age
12:38 Double-Bit Axe
14:23 Bloodlines
23:02 Castle Age
21:35 Scale Barding Armor
24:59 Forging
25:19 Husbandry
26:45 Bow Saw
26:24 Light Cavalry
27:12 Gold Mining
29:29 Horse Collar
32:05 Fletching
32:16 Padded Archer Armor
37:06 Bodkin Arrow
39:27 Leather Archer Armor
39:40 Treadmill Crane
40:57 Svan Towers
41:06 Murder Holes
44:41 Imperial Age
42:32 Heavy Plow
44:22 Ballistics
45:53 Parthian Tactics
48:59 Pikeman
49:41 Squires
49:28 Gambesons
50:36 Halberdier
50:46 Halberdier
ML16798
0:34 Loom
11:45 Feudal Age
11:24 Town Watch
18:09 Double-Bit Axe
22:00 Castle Age
22:24 Wheelbarrow
25:40 Squires
31:17 Arson
33:24 Fletching
33:44 Forging
36:38 Murder Holes
38:11 Town Patrol
43:26 Hand Cart
47:50 Imperial Age
45:14 Gold Mining
45:17 Stone Mining
46:39 Horse Collar
47:37 Iron Casting
47:39 Conscription
47:08 Elite Karambit Warrior
Flying Dutchman
1:40 Loom
11:12 Feudal Age
17:09 Castle Age
19:50 Horse Collar
21:00 Double-Bit Axe
25:09 Gold Mining
25:36 Stone Mining
28:02 Wheelbarrow
28:22 Gold Shaft Mining
29:25 Scale Barding Armor
30:05 Forging
30:57 Hand Cart
32:10 Heavy Plow
32:31 Bow Saw
33:14 Husbandry
37:15 Imperial Age
36:07 Chain Barding Armor
36:39 Town Watch
38:24 Stone Shaft Mining
38:03 Town Patrol
38:40 Iron Casting
37:56 Fletching
38:06 Crossbowman
38:43 Heavy Mounted Crossbowman
39:15 Cavalier
39:34 Man-at-Arms
39:59 Gambesons
40:00 Arson
40:45 Bodkin Arrow
41:13 Cavalier
44:24 Pikeman
50:11 Conscription
50:21 Elite Skirmisher
51:16 Scale Mail Armor
51:17 Padded Archer Armor
53:05 Blast Furnace
Connection lost

Rejoining the realm…

Still unreachable

The connection could not be restored.

Session expired

The server has moved on; the page needs a fresh start.